[Event "44th Chess Olympiad Open 2022"]
[Site "Chennai"]
[Date "2022.07.31"]
[Round "3.40"]
[White "Kanyamarala, Tarun"]
[Black "Gole, Habtamu Ashenafi"]
[Result "1-0"]
[WhiteElo "2379"]
[BlackElo "2044"]
[Annotator "RC"]
[PlyCount "71"]
[EventDate "2022.??.??"]
[TimeControl "60"]

1. d4 Nf6 2. c4 e6 3. Nc3 d5 4. cxd5 exd5 5. Bg5 Nbd7 6. e3 c6 7. Bd3 Be7 8. h3 O-O 9. Qc2 h6 10. Bf4 a6 11. Nf3 c5 12. O-O b5 13. a3 Bb7 14. dxc5 Nxc5 15. Bf5 Bd6 16. Bxd6 Qxd6 17. Rfd1 Qe7 18. Rac1 g6 19. Bd3 Rac8 20. Be2 Nfe4 21. Nxd5 Bxd5 22. Rxd5 Nb3 23. Qxc8 Rxc8 24. Rxc8+ Kg7 25. Rdd8 Nf6 26. Ra8 Nc5 27. Rdc8 Qb7 28. Nd4 Na4 29. Bf3 Qe7 30. Rxa6 Nxb2 31. Rb8 Qc5 32. Rb7 Qc1+ 33. Kh2 g5 34. Bh5 Ng8 35. Rxf7+ Kh8 36. Bg6 1-0

[Event "44th Chess Olympiad Open 2022"]
[Site "Chennai"]
[Date "2022.07.31"]
[Round "3.40"]
[White "Abera, Aydagnuhem Gezachew"]
[Black "O`Gorman, Tom"]
[Result "0-1"]
[WhiteElo "2137"]
[BlackElo "2401"]
[Annotator "RC"]
[PlyCount "86"]
[EventDate "2022.??.??"]
[TimeControl "60"]

1. e4 c5 2. Nf3 d6 3. d4 cxd4 4. Nxd4 Nf6 5. Nc3 a6 6. Be3 e5 7. Nb3 Be6 8. f3 Be7 9. Bd3 O-O 10. Qe2 b5 11. O-O Nbd7 12. Qf2 Qc7 13.
h3 b4 14. Ne2 d5 15. Ng3 a5 16. Rad1 a4 17. Nc1 Nc5 18. exd5 Nxd5 19. Nf5 Bxf5 20. Bxf5 Nxe3 21. Qxe3 a3 22. b3 g6 23. Bd3 Na4 24. Kh1 Nc3 25. Rde1 Ra5 26. g3 e4 27. fxe4 Bg5 28. Qf3 Bxc1 29. Rxc1 Nxa2 30. Rce1 Qe5 31. Bc4 Ra7 32. Qg4 Nc3 33. Rf5 Qd4 34. h4 a2 35. Rff1 Re7 36. h5 Rxe4 37. Rxe4 Nxe4 38. Kg2 Qd2+ 39. Kg1 a1=Q 40. Rxa1 Qf2+ 41. Kh1 Nxg3+ 42. Qxg3 Qxg3 43.
hxg6 hxg6 0-1

[Event "44th Chess Olympiad Open 2022"]
[Site "Chennai"]
[Date "2022.07.31"]
[Round "3.40"]
[White "Badene, Habtamu Bayu"]
[Black "Heidenfeld, Mark"]
[Result "0-1"]
[WhiteElo "2011"]
[BlackElo "2355"]
[Annotator "RC"]
[PlyCount "112"]
[EventDate "2022.??.??"]
[TimeControl "60"]

1. e4 e5 2. Nf3 Nc6 3. Bb5 a6 4. Ba4 Nf6 5. O-O Be7 6. Re1 b5 7. Bb3 O-O 8. c3 d6 9. h3 Na5 10. Bc2 c5 11. a4 Bd7 12. d3 Qc7 13.
Nbd2 c4 14. d4 Rfb8 15. Nf1 b4 16. cxb4 Nc6 17. d5 Nxb4 18.
Bd2 a5 19. Ng3 g6 20. Bc3 Bc8 21. Qd2 Nd7 22. Ra3 Nc5 23. Rd1 Bd7 24. Ne1 Qd8 25. f4 f6 26. Ne2 Nxc2 27. Qxc2 Qe8 28. Rda1 Rb3 29. Nc1 Rxa3 30. Rxa3 Bxa4 31. Qe2 Qb5 32. Qf3 Bb3 33. f5 Na4 34. Nxb3 cxb3 35. Bd2 Nc5 36. fxg6 hxg6 37. Kh2 Qc4 38. Be3 Qxe4 39. Bxc5 Qxf3 40. Nxf3 dxc5 41. Rxb3 Rd8 42. Nh4 Kf7 43. Rb7 Rxd5 44. Nxg6 Kxg6 45. Rxe7 Rd2 46. Rc7 Rc2 47. Kg3 Kf5 48. Kf3 Rxb2 49. Rxc5 a4 50. Rc4 e4+ 51. Ke3 Rb3+ 52. Ke2 a3 53. Ra4 Kf4 54. Kd2 Rg3 55. Ke1 Rxg2 56. Rxa3 Rg3 0-1

[Event "44th Chess Olympiad Open 2022"]
[Site "Chennai"]
[Date "2022.07.31"]
[Round "3.41"]
[White "Nielsen, Hogni Egilstoft"]
[Black "Fellman, Mike"]
[Result "1/2-1/2"]
[WhiteElo "2414"]
[BlackElo "2107"]
[Annotator "RC"]
[PlyCount "85"]
[EventDate "2022.??.??"]
[TimeControl "60"]

1. e4 c5 2. Nf3 d6 3. Bb5+ Bd7 4. Bxd7+ Qxd7 5. c4 Nc6 6. d4 cxd4 7. Nxd4 Nf6 8. Nc3 g6 9. f3 Bg7 10. Be3 O-O 11. O-O e6 12. Qd2 Rfd8 13.
Rac1 a6 14. Rfd1 Nxd4 15. Bxd4 b5 16. cxb5 axb5 17. b3 Qb7 18. Qe2 b4 19. Na4 Ne8 20. Bxg7 Kxg7 21. Rc4 Rdc8 22. Rdc1 Rxc4 23. Qxc4 h5 24. Rc2 Kf8 25. Kf1 Ke7 26. Ke2 Ra5 27. Qd4 Nc7 28. Kf2 e5 29. Qb6 Qxb6+ 30. Nxb6 Rc5 31. Rxc5 dxc5 32. Ke3 Kd6 33. Nc4+ Ke6 34. Kd3 Nb5 35. Ne3 Nd6 36. Nc4 Nb5 37. Nb6 Na3 38. Nd5 Kd6 39. h4 Ke6 40. Ne3 f5 41. Nd5 f4 42. Nb6 Kd6 43.
Nc8+ 1/2-1/2

[Event "44th Chess Olympiad Open 2022"]
[Site "Chennai"]
[Date "2022.07.31"]
[Round "3.41"]
[White "Apol, Luitjen Akselsson"]
[Black "Pinales Roussel, Gabriel"]
[Result "1-0"]
[WhiteElo "2289"]
[BlackElo "1973"]
[Annotator "RC"]
[PlyCount "47"]
[EventDate "2022.??.??"]
[TimeControl "60"]

1. e4 g6 2. d4 Bg7 3. Nf3 d6 4. Bc4 Nf6 5. Qe2 O-O 6. e5 dxe5 7. dxe5 Nd5 8.
O-O Bg4 9. Nbd2 Nb6 10. h3 Bxf3 11. Nxf3 Nc6 12. e6 f5 13. Rd1 Qe8 14. Bf4 Nxc4 15. Qxc4 h6 16. h4 Bxb2 17. Rab1 Bg7 18. Rd7 Kh7 19. Rxb7 Na5 20. Qxc7 Nxb7 21. Rxe7 Qxe7 22. Qxe7 Nd8 23. Be5 Rg8 24. Qd7 1-0

[Event "44th Chess Olympiad Open 2022"]
[Site "Chennai"]
[Date "2022.07.31"]
[Round "3.41"]
[White "Zilleruelo Irizarry, Diego"]
[Black "Egilstoft, Rogvi"]
[Result "1/2-1/2"]
[WhiteElo "2081"]
[BlackElo "2284"]
[Annotator "RC"]
[PlyCount "55"]
[EventDate "2022.??.??"]
[TimeControl "60"]

1. e4 d5 2. exd5 Nf6 3. Bb5+ Bd7 4. Bxd7+ Qxd7 5. Nf3 Qxd5 6. O-O c6 7. Re1 Nbd7 8. Qe2 e6 9. c4 Qh5 10. d4 Bd6 11. Nc3 O-O 12. Ne4 Nxe4 13. Qxe4 Nf6 14. Qc2 Rad8 15. h3 a6 16. Bd2 Bb8 17. a3 Rd7 18. Rad1 Rfd8 19. b4 Qg6 20. Qc1 h6 21. Be3 Qf5 22. a4 Nh7 23. Qb1 Qf6 24. b5 axb5 25. axb5 cxb5 26. Qb3 b4 27. Qxb4 Nf8 28. Qb5 1/2-1/2

[Event "44th Chess Olympiad Open 2022"]
[Site "Chennai"]
[Date "2022.07.31"]
[Round "3.41"]
[White "Rodriguez Santiago, Jaime"]
[Black "Ziska, Helgi Dam"]
[Result "0-1"]
[WhiteElo "2067"]
[BlackElo "2549"]
[Annotator "ChessBase"]
[PlyCount "64"]
[EventDate "2022.??.??"]
[TimeControl "60"]

1. c4 g6 2. Nc3 Bg7 3. g3 d6 4. Bg2 e5 5. e4 Nc6 6. Nge2 f5 7. d3 Nf6 8. O-O O-O 9. h3 f4 10. gxf4 Nh5 11. f5 gxf5 12. exf5 Bxf5 13. Ng3 Nf4 14. Bxf4 exf4 15. Nxf5 Rxf5 16. Kh1 Kh8 17. Qg4 Nd4 18. Rg1 f3 19. Bxf3 Be5 20. Bg2 Rf4 21. Qh5 Rh4 22. Qf7 Rf4 23. Qh5 Rh4 24. Qf7 Qc8 25. Rge1 Rxh3+ 26. Kg1 Qg8 27. Qxc7 Rh2 28. Qxb7 Rf8 29. f4 Qg3 30. Rxe5 dxe5 31. Qe4 Rh5 32. Rf1 Qh2+ 0-1

[Event "44th Chess Olympiad Open 2022"]
[Site "Chennai"]
[Date "2022.07.31"]
[Round "3.42"]
[White "Stanojoski, Zvonko"]
[Black "Alahakoon, Isuru"]
[Result "1-0"]
[WhiteElo "2412"]
[BlackElo "2000"]
[Annotator "RC"]
[PlyCount "119"]
[EventDate "2022.??.??"]
[TimeControl "60"]

1. e4 c5 2. Nf3 Nc6 3. Bb5 d6 4. c3 Nf6 5. Bxc6+ bxc6 6.
Qa4 Qb6 7. e5 dxe5 8. Nxe5 Qb5 9. Qf4 e6 10. Na3 Qb8 11. Nac4 Ba6 12. Qf3 Qc7 13. d3 Rd8 14. Bf4 Bxc4 15. Nxc4 Qd7 16. O-O-O Qd5 17. Qh3 Be7 18. Kb1 O-O 19. Be5 Ne8 20. Rhe1 f6 21. Bg3 e5 22. f4 exf4 23. Bxf4 Bd6 24. Bc1 Nc7 25. Ne3 Qe6 26. Nf5 Qd7 27. Bf4 Ne8 28. Rxe8 Rfxe8 29. Nxd6 Qxh3 30. gxh3 Re6 31. Nc4 g5 32. Be3 Rd5 33. Kc2 Rf5 34. Rg1 h6 35. Rg2 Kf7 36. h4 Ke7 37. Kd2 a6 38.
a4 Kd7 39. a5 Kc7 40. Bf2 Kd7 41. hxg5 fxg5 42. h4 Ref6 43. Bg3 Re6 44. Be1 Rf1 45. Bf2 Rf6 46. Ke2 Rc1 47. Be3 Re6 48. Kd2 Rh1 49. hxg5 hxg5 50. Bxg5 Kc8 51. Bf4 Rh7 52. Bd6 Reh6 53. Kc2 Rh5 54. Nb6+ Kb7 55. Na4 Rd5 56. Bxc5 Rdh5 57. Bb6 Rh2 58. Nc5+ Ka8 59. Rxh2 Rxh2+ 60. Kb3 1-0

[Event "44th Chess Olympiad Open 2022"]
[Site "Chennai"]
[Date "2022.07.31"]
[Round "3.42"]
[White "Lazov, Toni"]
[Black "De Silva, L M S T.."]
[Result "1/2-1/2"]
[WhiteElo "2374"]
[BlackElo "2212"]
[Annotator "RC"]
[PlyCount "63"]
[EventDate "2022.??.??"]
[TimeControl "60"]

1. e4 e5 2. Nf3 Nc6 3. Bc4 Nf6 4. d3 h6 5. O-O d6 6. c3 g5 7. Nbd2 g4 8. Nh4 Nxe4 9. Nxe4 Qxh4 10. d4 Bg7 11. dxe5 Bxe5 12. g3 Qh5 13.
f4 Bg7 14. Nf2 O-O 15. Be2 f5 16. h3 Qg6 17. hxg4 fxg4 18. Bxg4 Ne7 19. Kh2 Nf5 20. Rg1 Be6 21. Bd2 Qf6 22. Qf3 Rae8 23. Rae1 c6 24. Bh5 Bf7 25. Ne4 Qd8 26. Bxf7+ Rxf7 27. Qh5 d5 28. Nc5 b6 29. Rxe8+ Qxe8 30. Re1 Qd8 31. Ne6 Qf6 32. g4 1/2-1/2

[Event "44th Chess Olympiad Open 2022"]
[Site "Chennai"]
[Date "2022.07.31"]
[Round "3.42"]
[White "Liyanage, Ranindu Dilshan"]
[Black "Risteski, Emil"]
[Result "1/2-1/2"]
[WhiteElo "2286"]
[BlackElo "2405"]
[Annotator "RC"]
[PlyCount "67"]
[EventDate "2022.??.??"]
[TimeControl "60"]

1. e4 c5 2. Nc3 Nc6 3. Bb5 g6 4. Bxc6 bxc6 5. d3 Bg7 6. f4 d6 7. Nf3 Nh6 8. O-O f5 9. Qe2 O-O 10. Re1 Rb8 11. e5 Nf7 12. Kh1 Qc7 13.
Na4 Rb4 14. b3 g5 15. a3 Rb8 16. Bb2 g4 17. exd6 exd6 18. Nh4 Bxb2 19. Nxb2 Bd7 20. Qe7 Rbe8 21. Qf6 Qd8 22. Qxd8 Rxd8 23. Nc4 Kg7 24. Kg1 Kf6 25. b4 Rfe8 26. bxc5 dxc5 27. Kf2 Be6 28. Na5 c4 29. Nxc6 Rd7 30. Rad1 Rc8 31. Ne5 Nxe5 32. Rxe5 cxd3 33. cxd3 Rd5 34. d4 1/2-1/2

[Event "44th Chess Olympiad Open 2022"]
[Site "Chennai"]
[Date "2022.07.31"]
[Round "3.42"]
[White "Nabil Nazar, Mohamed"]
[Black "Nikolovski, Nikola"]
[Result "0-1"]
[WhiteElo "1845"]
[BlackElo "2366"]
[Annotator "RC"]
[PlyCount "76"]
[EventDate "2022.??.??"]
[TimeControl "60"]

1. d4 e6 2. Nf3 f5 3. g3 Nf6 4. Bg2 Be7 5. O-O O-O 6. c4 d6 7. Nc3 Nc6 8. a3 Qe8 9. Re1 e5 10. dxe5 dxe5 11. Nd5 Bd8 12. b4 e4 13. Nd4 Ne5 14. Ne3 Qh5 15. f4 Neg4 16. Nxg4 Nxg4 17. h3 Nf6 18. Kh2 Ng4+ 19. Kg1 Nf6 20. Kh2 Qg6 21. Rg1 Ng4+ 22. hxg4 Qh6+ 23. Bh3 fxg4 24. Kg2 gxh3+ 25. Kh2 Bg4 26. Qc2 Qh5 27. e3 Bf6 28. Bb2 c5 29. Nb3 Bxb2 30. Qxb2 b6 31. Qc2 Rad8 32. bxc5 bxc5 33. Qxe4 Rfe8 34. Qc2 Rxe3 35. Rge1 Rxb3 36. Re5 Rbd3 37. Ra2 Qf7 38. Rxc5 Qd7 0-1

[Event "44th Chess Olympiad Open 2022"]
[Site "Chennai"]
[Date "2022.07.31"]
[Round "3.43"]
[White "Ibarra Chami, Luis Fernando"]
[Black "Oratile, Kgotlane"]
[Result "1-0"]
[WhiteElo "2452"]
[BlackElo "2024"]
[Annotator "RC"]
[PlyCount "97"]
[EventDate "2022.??.??"]
[TimeControl "60"]

1. e4 c5 2. Nf3 g6 3. c3 Bg7 4. d4 cxd4 5. cxd4 d5 6. e5 Bg4 7. Bb5+ Nd7 8.
Nbd2 e6 9. O-O Ne7 10. h3 Bxf3 11. Nxf3 O-O 12. Bg5 h6 13. Bd2 a6 14. Bd3 Rc8 15. h4 Qb6 16. a4 Nf5 17. a5 Qd8 18. Bxf5 gxf5 19. Qb3 Qc7 20.
Ra4 Rfe8 21. Rb4 b5 22. axb6 Qb7 23. Ra1 Rc6 24. Ne1 Rb8 25. Qg3 Kh8 26. Qf3 Rxb6 27. Nd3 Kh7 28. Qh5 Rf8 29. Ra3 Qc8 30. Rxb6 Nxb6 31. Bb4 Rd8 32. Qxf7 Nc4 33. Rc3 Qd7 34. Qxd7 Rxd7 35. Nc5 Re7 36. b3 a5 37. bxc4 axb4 38. Rb3 dxc4 39. Rxb4 c3 40. Rc4 Kg6 41. Rxc3 Rc7 42. Rg3+ Kh5 43. Nxe6 Bxe5 44. dxe5 Rc1+ 45. Kh2 Rc4 46. Ng7+ Kxh4 47. Rg6 f4 48. g3+ fxg3+ 49. fxg3# 1-0

[Event "44th Chess Olympiad Open 2022"]
[Site "Chennai"]
[Date "2022.07.31"]
[Round "3.43"]
[White "Oatlhotse, Providence"]
[Black "Hernandez Guerrero, Gilberto"]
[Result "0-1"]
[WhiteElo "2204"]
[BlackElo "2560"]
[Annotator "RC"]
[PlyCount "86"]
[EventDate "2022.??.??"]
[TimeControl "60"]

1. d4 Nf6 2. c4 c5 3. d5 g6 4. Nc3 Bg7 5. e4 d6 6. Nf3 O-O 7. Nd2 a6 8. a4 Nh5 9. g3 e6 10. Be2 Nf6 11. h4 exd5 12. cxd5 Re8 13. h5 Nbd7 14. g4 Rb8 15.
hxg6 hxg6 16. f3 Ne5 17. Ndb1 b5 18. axb5 axb5 19. Bxb5 Rxb5 20. Nxb5 Nxf3+ 21. Qxf3 Bxg4 22. Qg2 Rxe4+ 23.
Kd2 Re2+ 24. Qxe2 Bxe2 25. Kxe2 Qe8+ 26. Kd1 Qxb5 27. Ra8+ Bf8 28. Bh6 Nh7 29. Kc1 Qb7 30. Rd8 Qxd5 31. Re1 Qh5 32. Bd2 d5 33. Ree8 d4 34. Na3 Qf3 35. Kc2 Qf5+ 36. Kc1 g5 37. b3 Kg7 38. Nc4 g4 39. Re5 Qf3 40. Kb2 g3 41. Re1 g2 42. Ne3 dxe3 43.
Rxe3 Qf2 0-1

[Event "44th Chess Olympiad Open 2022"]
[Site "Chennai"]
[Date "2022.07.31"]
[Round "3.43"]
[White "Montes Orozco, Miguel Angel"]
[Black "Sabure, Bojosi"]
[Result "1-0"]
[WhiteElo "2070"]
[BlackElo "1966"]
[Annotator "NA RC"]
[PlyCount "119"]
[EventDate "2022.??.??"]
[TimeControl "60"]

1. d4 d6 2. Nf3 Nf6 3. c4 Nbd7 4. Nc3 e5 5. e4 Be7 6. Be2 O-O 7. O-O c6 8. Re1 a6 9. a4 Re8 10. Bf1 Qc7 11. h3 Nf8 12. a5 Ng6 13.
Be3 Bf8 14. Qd2 Nh5 15. g3 Qe7 16. Bg2 h6 17. Na4 Nf6 18.
Qc2 Be6 19. Rad1 Qc7 20. dxe5 dxe5 21. Bb6 Qc8 22. Kh2 h5 23. Re3 h4 24. Red3 Be7 25. Nd2 c5 26. Nc3 Bd8 27. Bxd8 Rxd8 28. Nd5 Qc6 29. Nb3 Re8 30. Nb6 Rab8 31. Qe2 Qc7 32. Qe3 Rbd8 33. Qxc5 Qb8 34. Qe3 Ne7 35. Qd2 Nc6 36. Rxd8 Rxd8 37. Nd5 Bxd5 38. cxd5 Ne7 39. Qb4 Ng6 40. Nc5 Qd6 41. Qb6 Qf8 42. Nxb7 Rb8 43. Qc7 Rc8 44. Qd6 Qe8 45. Qb4 Rb8 46. Bf1 Qc8 47. Bxa6 Qc2 48. Rd2 hxg3+ 49. fxg3 Qc1 50. Qc3 Qe1 51. Re2 Qf1 52. Qe1 Qf3 53. Re3 Qh5 54. Qe2 Qh6 55. Rc3 Nf4 56. gxf4 Qxf4+ 57. Rg3 Nxe4 58. Qg4 Qf6 59. Qxe4 Qxa6 60. Qxe5 1-0

[Event "44th Chess Olympiad Open 2022"]
[Site "Chennai"]
[Date "2022.07.31"]
[Round "3.43"]
[White "Monnaatsheko, Keletshabile"]
[Black "Diaz Rosas, Julio Cesar"]
[Result "0-1"]
[WhiteElo "2014"]
[BlackElo "2328"]
[Annotator "RC"]
[PlyCount "84"]
[EventDate "2022.??.??"]
[TimeControl "60"]

1. d4 Nf6 2. e3 g6 3. Nf3 Bg7 4. Be2 O-O 5. O-O d6 6. b3 c5 7. Bb2 cxd4 8. Nxd4 Nc6 9. c4 Bd7 10. Nc3 Rc8 11. Qd2 Re8 12. Rfd1 a6 13.
Rac1 Nxd4 14. exd4 Qa5 15. a3 Ng4 16. b4 Qd8 17. h3 Bh6 18.
f4 Nf6 19. g4 Bg7 20. Kh2 h6 21. g5 hxg5 22. fxg5 Nh7 23. h4 e5 24. Nd5 Bc6 25. Bg4 exd4 26. Bxd4 Re4 27. Bxg7 Rxg4 28. Bf6 Qd7 29. Qf2 Bxd5 30. cxd5 Nxf6 31. gxf6 Rxc1 32. Rxc1 Qe8 33. Kh3 Re4 34. Rc3 Qe5 35. Rf3 Qxd5 36. Qb6 Qe6+ 37. Kg3 Qg4+ 38. Kf2 Qxh4+ 39. Kg2 Re2+ 40. Rf2 Rxf2+ 41. Qxf2 Qxf2+ 42. Kxf2 g5 0-1

[Event "44th Chess Olympiad Open 2022"]
[Site "Chennai"]
[Date "2022.07.31"]
[Round "3.44"]
[White "Reimanis, Ritvars"]
[Black "Garcia Cuestas, Kevin"]
[Result "1-0"]
[WhiteElo "2377"]
[BlackElo "1984"]
[Annotator "RC"]
[PlyCount "75"]
[EventDate "2022.??.??"]
[TimeControl "60"]

1. d4 Nf6 2. Nf3 d5 3. c4 e6 4. Nc3 Be7 5. Bf4 a6 6. e3 O-O 7. Qc2 dxc4 8. Bxc4 c5 9. dxc5 Bxc5 10. O-O Qe7 11. Ng5 Nbd7 12. Nge4 b5 13. Be2 Bb7 14. Rfd1 Nxe4 15. Nxe4 Bxe4 16. Qxe4 Nf6 17. Qf3 Nd5 18. Bg3 Qf6 19. Qxf6 Nxf6 20. Bf3 Rad8 21. Bb7 a5 22. Bc7 Rd7 23. Rxd7 Nxd7 24. Rd1 Nb6 25. Rc1 Nc4 26. a4 Bd6 27. axb5 Bxc7 28. Rxc4 Bd6 29. f4 Rb8 30. Ba6 g6 31. Rc6 Bb4 32. b6 Kg7 33. b7 Kf6 34. Kf2 Ke7 35. Rc7+ Kf6 36. e4 e5 37. Rc6+ Ke7 38. fxe5 1-0

[Event "44th Chess Olympiad Open 2022"]
[Site "Chennai"]
[Date "2022.07.31"]
[Round "3.44"]
[White "Ungurs, Edgars"]
[Black "Chahin Godoy, Angel Eduardo"]
[Result "1-0"]
[WhiteElo "2206"]
[BlackElo "1844"]
[Annotator "RC"]
[PlyCount "77"]
[EventDate "2022.??.??"]
[TimeControl "60"]

1. e4 e6 2. d4 d5 3. Nd2 c5 4. exd5 exd5 5. Ngf3 Nc6 6. Bb5 Bd6 7. dxc5 Bxc5 8. O-O Nge7 9. Nb3 Bd6 10. Bg5 O-O 11. Bh4 Qc7 12. Bg3 Rd8 13. c3 Bg4 14. Be2 Bxg3 15. hxg3 Nf5 16. Bd3 Qb6 17. Bxf5 Bxf5 18. Nfd4 Bg6 19. Re1 Re8 20. Rxe8+ Rxe8 21. Nf3 Be4 22. Qe2 Re7 23. Qd2 h6 24. Nbd4 Qa6 25. Nxc6 bxc6 26. Nd4 c5 27. Nb3 c4 28. Nc5 Qb6 29. b4 a5 30. a3 Ra7 31. Re1 axb4 32. axb4 Qg6 33. Qf4 Ra3 34. f3 Bd3 35. Nd7 Ra8 36. g4 Qg5 37. Qxg5 hxg5 38. b5 d4 39. b6 1-0

[Event "44th Chess Olympiad Open 2022"]
[Site "Chennai"]
[Date "2022.07.31"]
[Round "3.44"]
[White "Chinchilla, Alejandro Jose"]
[Black "Kantans, Toms"]
[Result "0-1"]
[WhiteElo "2166"]
[BlackElo "2486"]
[Annotator "RC"]
[PlyCount "64"]
[EventDate "2022.??.??"]
[TimeControl "60"]

1. Nf3 Nf6 2. b3 g6 3. Bb2 Bg7 4. g3 d5 5. c4 O-O 6. cxd5 Qxd5 7. Bg2 Rd8 8. O-O Qh5 9. d3 Bh3 10. Nbd2 Nc6 11. Rc1 a5 12. a3 h6 13. Re1 Bxg2 14. Kxg2 Qd5 15. Nb1 e5 16. Nc3 Qe6 17. Nb5 Rac8 18.
Qc2 Nd5 19. Kg1 Nce7 20. Nd2 c6 21. Nc3 Qh3 22. Na4 Nf5 23.
e3 c5 24. Ne4 b6 25. Qe2 Nfe7 26. Nd2 Qe6 27. Qf3 Nf6 28. d4 Nd7 29. dxc5 b5 30. c6 Nxc6 31. Nc3 Nc5 32. Nde4 Nd3 0-1

[Event "44th Chess Olympiad Open 2022"]
[Site "Chennai"]
[Date "2022.07.31"]
[Round "3.44"]
[White "Gavarrete, Joel"]
[Black "Golubovskis, Maksims"]
[Result "0-1"]
[WhiteElo "2035"]
[BlackElo "2219"]
[Annotator "RC"]
[PlyCount "84"]
[EventDate "2022.??.??"]
[TimeControl "60"]

1. Nf3 c5 2. b3 d6 3. d4 cxd4 4. Nxd4 e5 5. Nf3 Nf6 6. e3 Nc6 7. Bb2 Be7 8. Be2 O-O 9. c4 Bf5 10. Nc3 h6 11. O-O Qd7 12. Qd2 Rad8 13.
Rad1 Rfe8 14. Rfe1 Bf8 15. Bf1 Ne4 16. Qc1 Nxc3 17. Qxc3 Bg4 18. e4 Nd4 19. Be2 Nxe2+ 20. Rxe2 f5 21. h3 Bh5 22. Re3 fxe4 23.
Rxe4 Qc6 24. Rde1 Bg6 25. Rg4 Bf5 26. Rg3 Re6 27. Nh4 Bh7 28.
f4 Be4 29. fxe5 dxe5 30. Rge3 Bc5 31. Kh2 Bxe3 32. Qxe3 Bh7 33. Bxe5 Qe8 34. Qg3 Rd7 35. Rd1 Rg6 36. Nxg6 Rxd1 37. Nh4 Qe7 38. Bc3 Rd3 39. Qb8+ Qd8 40. Qe5 Rxc3 41. Qxc3 Qxh4 42. Qe5 Qd8 0-1

[Event "44th Chess Olympiad Open 2022"]
[Site "Chennai"]
[Date "2022.07.31"]
[Round "3.45"]
[White "Hossain, Enamul"]
[Black "Willem Blijstra"]
[Result "1-0"]
[WhiteElo "2377"]
[BlackElo "2198"]
[Annotator "RC"]
[PlyCount "67"]
[EventDate "2022.??.??"]
[TimeControl "60"]

1. e4 c5 2. Nf3 d6 3. d4 cxd4 4. Nxd4 Nf6 5. Nc3 a6 6. Be3 e5 7. Nb3 Be6 8. f3 h5 9. Qd2 Nbd7 10. O-O-O Be7 11. Kb1 b5 12. Nd5 Bxd5 13. exd5 Nb6 14. Bxb6 Qxb6 15. Na5 Rc8 16. c4 bxc4 17. Nxc4 Qc7 18. Be2 O-O 19. Rc1 Qb7 20. Rhd1 Rc5 21. Na5 Qb6 22. Rxc5 Qxc5 23. Nc6 Bd8 24. Bxa6 Bb6 25. b4 Qe3 26. Ne7+ Kh7 27. Qxe3 Bxe3 28. Nf5 Bb6 29. Nxd6 Bd4 30. Bc4 g6 31. Kc2 Kg7 32. Nb5 Rc8 33. Kb3 Be3 34. Re1 1-0

[Event "44th Chess Olympiad Open 2022"]
[Site "Chennai"]
[Date "2022.07.31"]
[Round "3.45"]
[White "Zia, Tahsin Tajwar"]
[Black "Rurik Capella"]
[Result "1-0"]
[WhiteElo "2307"]
[BlackElo "1952"]
[Annotator "RC"]
[PlyCount "67"]
[EventDate "2022.??.??"]
[TimeControl "60"]

1. d4 Nf6 2. c4 c5 3. d5 e6 4. Nc3 exd5 5. cxd5 d6 6. Nf3 a6 7. a4 g6 8. g3 Bg7 9. Bg2 O-O 10. O-O Bf5 11. Nh4 Qc8 12. Nxf5 Qxf5 13. Bf4 Ne8 14. e4 Qf6 15. Qb3 Qe7 16. Rfe1 Nd7 17. Qxb7 Rb8 18. Qxa6 Rxb2 19. Nb5 Ne5 20. Rab1 Nd3 21. Rxb2 Nxe1 22. Re2 Nxg2 23. Kxg2 c4 24. Bxd6 Nxd6 25. Qxd6 Qxd6 26. Nxd6 c3 27. e5 Rd8 28. f4 Rb8 29. e6 fxe6 30. dxe6 Bf8 31. e7 Bxe7 32. Rxe7 Rd8 33. Nb5 Rc8 34. Re1 1-0

[Event "44th Chess Olympiad Open 2022"]
[Site "Chennai"]
[Date "2022.07.31"]
[Round "3.45"]
[White "Ursus van Bemmelen"]
[Black "Rahman, Ziaur"]
[Result "0-1"]
[WhiteElo "2145"]
[BlackElo "2424"]
[Annotator "RC"]
[PlyCount "66"]
[EventDate "2022.??.??"]
[TimeControl "60"]

1. d4 e6 2. Nf3 Nf6 3. g3 b5 4. Bg2 Bb7 5. O-O c5 6. a4 b4 7. c3 Na6 8. Bg5 Be7 9. Nbd2 O-O 10. Re1 Rb8 11. e4 bxc3 12. bxc3 cxd4 13. cxd4 Nb4 14. Rb1 a5 15. Ne5 d6 16. Nec4 h6 17. Bxf6 Bxf6 18.
Nb3 Ba6 19. Nxd6 Nd3 20. Rf1 Qxd6 21. e5 Nxe5 22. dxe5 Qxe5 23. Re1 Qc3 24. Re3 Qb4 25. Nd2 Qd4 26. Ne4 Rfd8 27. Nxf6+ gxf6 28. Qe1 Rxb1 29. Qxb1 Qxa4 30. Bf3 Qb4 31. Qa1 Rb8 32. Re1 e5 33.
h4 a4 0-1

[Event "44th Chess Olympiad Open 2022"]
[Site "Chennai"]
[Date "2022.07.31"]
[Round "3.46"]
[White "Mieles Palau, Daniel"]
[Black "Cilia Vincenti, David"]
[Result "1-0"]
[WhiteElo "2364"]
[BlackElo "1904"]
[Annotator "RC"]
[PlyCount "37"]
[EventDate "2022.??.??"]
[TimeControl "60"]

1. c4 e6 2. Nf3 d5 3. e3 Nf6 4. b3 Nbd7 5. Bb2 Bd6 6. g4 Nxg4 7. Bxg7 Rg8 8.
Bb2 Nde5 9. Nxe5 Bxe5 10. d4 Qh4 11. Qe2 Bxh2 12. Nd2 Qf6 13.
Bh3 e5 14. O-O-O e4 15. cxd5 Bf5 16. Bxg4 Bxg4 17. f3 exf3 18. Qxh2 O-O-O 19. e4 1-0

[Event "44th Chess Olympiad Open 2022"]
[Site "Chennai"]
[Date "2022.07.31"]
[Round "3.46"]
[White "Noboa Silva, Kevin"]
[Black "Mizzi, Jack"]
[Result "1-0"]
[WhiteElo "2304"]
[BlackElo "1913"]
[Annotator "RC"]
[PlyCount "125"]
[EventDate "2022.??.??"]
[TimeControl "60"]

1. d4 d5 2. c4 e6 3. Nc3 Nf6 4. cxd5 exd5 5. Bg5 c6 6. e3 Be7 7. Bd3 O-O 8. Nge2 Nbd7 9. Qc2 Re8 10. O-O Nf8 11. Rad1 h6 12. Bh4 Nh5 13. Bxe7 Qxe7 14. Nc1 Nf6 15. Rfe1 Bd7 16. a3 Ne6 17. Bf1 Nf8 18. f3 c5 19. dxc5 Qxc5 20. Qf2 Ne6 21. Nb3 Qb6 22. Nd4 Rac8 23. Nxe6 fxe6 24. Bd3 Re7 25. Re2 Rd8 26. Bb1 Bc6 27. Ba2 Kh8 28. Qh4 e5 29. Qb4 Qxb4 30. axb4 a6 31. Bb1 Be8 32. Red2 Bf7 33. Ba2 Red7 34. Na4 Bg8 35. Nc5 Re7 36. h4 h5 37. Kh2 g6 38. Ne4 Nxe4 39. fxe4 d4 40. Bxg8 Kxg8 41. exd4 exd4 42. Rxd4 Rde8 43. Re1 Re5 44. Re3 Rb5 45. Kg3 Kg7 46. e5 Rexe5 47. Rxe5 Rxe5 48. Rd7+ Kh6 49. Rxb7 Re3+ 50. Kf4 Rb3 51. Rb6 Rxb2 52. g3 Ra2 53. Ke5 a5 54. b5 a4 55. Ra6 a3 56. Kd6 Ra1 57. Kc6 a2 58.
Kb6 Kg7 59. Ra3 Kf6 60. Ka6 Ke7 61. b6 Kd7 62. b7 Kc7 63.
Rc3+ 1-0

[Event "44th Chess Olympiad Open 2022"]
[Site "Chennai"]
[Date "2022.07.31"]
[Round "3.46"]
[White "Pace, Colin"]
[Black "Bastidas Rodriguez, Emilio"]
[Result "1-0"]
[WhiteElo "2159"]
[BlackElo "2351"]
[Annotator "RC"]
[PlyCount "79"]
[EventDate "2022.??.??"]
[TimeControl "60"]

1. e4 c5 2. Nf3 e6 3. d4 cxd4 4. Nxd4 a6 5. Bd3 Nf6 6. O-O Qc7 7. c4 Be7 8. Qe2 d6 9. f4 Nbd7 10. b3 h6 11. Bb2 O-O 12. Nd2 Nh7 13.
Kh1 Bf6 14. e5 dxe5 15. Qe4 g6 16. Nxe6 Qd6 17. Nxf8 Nhxf8 18. Qe2 Nc5 19. Ne4 Nxe4 20. fxe5 Bxe5 21. Bxe5 Qxe5 22. Qxe4 Qc7 23. Qh4 h5 24. Be4 Be6 25. Rad1 Re8 26. h3 b5 27. cxb5 axb5 28. Bf3 Qa5 29. Qf2 b4 30. Rd4 Rc8 31. Qd2 Rc3 32. Bd5 Qc5 33. Be4 Qe5 34. Rf3 Rc1+ 35. Qxc1 Qxd4 36. Qc2 h4 37. Rf1 Qe5 38. Bf3 Bf5 39. Qc4 Qg3 40. Bg4 1-0

[Event "44th Chess Olympiad Open 2022"]
[Site "Chennai"]
[Date "2022.07.31"]
[Round "3.46"]
[White "Darmanin, Jake"]
[Black "Matamoros Franco, Carlos S."]
[Result "0-1"]
[WhiteElo "2101"]
[BlackElo "2459"]
[Annotator "RC"]
[PlyCount "70"]
[EventDate "2022.??.??"]
[TimeControl "60"]

1. e4 c5 2. Nf3 Nc6 3. c3 d5 4. exd5 Qxd5 5. d4 Bg4 6. Be2 cxd4 7. cxd4 e6 8. Nc3 Qa5 9. Be3 Bb4 10. a3 Bxc3+ 11. bxc3 Bxf3 12. Bxf3 Qxc3+ 13. Kf1 Nge7 14. g4 O-O 15. Kg2 Rad8 16. Qb1 Rd7 17. Rc1 Qa5 18. Rc5 Qd8 19. Rh5 Ng6 20. Bxc6 bxc6 21. Qc2 Rxd4 22. Kh1 Rd5 23. Rh3 Qd7 24. Rc1 Rc8 25. Rg3 c5 26. f4 Rd3 27. Qf2 Rd1+ 28.
Kg2 Qd5+ 29. Kh3 Rxc1 30. Bxc1 h5 31. g5 Qf5+ 32. Kg2 Rd8 33.
Rc3 Rd4 34. Rf3 Qg4+ 35. Rg3 Nh4+ 0-1